 Dungeon Sprint DCSS version 0.19.1 (webtiles) character file.

230 equalderp2856 the Gouger (level 5, -3/27 HPs)
             Began as a Felid Fighter on Nov 29, 2016.
             Was a Believer of Kikubaaqudgha.
             Slain by a brown ugly thing (14 damage)
             ... in the Dungeon (Sprint IX: "|||||||||||||||||||||||||||||").
             The game lasted 00:00:55 (320 turns).

equalderp2856 the Gouger (Felid Fighter)             Turns: 320, Time: 00:00:55

Health: -3/27      AC:  3    Str: 13    XL:     5   Next: 72%
Magic:  6/6        EV: 26    Int: 10    God:    Kikubaaqudgha [**....]
Gold:   0          SH:  0    Dex: 15    Spells: 0 memorised, 4 levels left
                                        Lives:  0   Deaths: 1

rFire  . . .     SeeInvis +       - Unarmed
rCold  . . .     Gourm    .     (armour unavailable)
rNeg   . . .     Faith    .     (shield unavailable)
rPois  .         Spirit   .     (helmet unavailable)
rElec  .         Reflect  .     (cloak unavailable)
rCorr  .         Harm     .     (gloves unavailable)
MR     .....     NoTele   +     (boots unavailable)
Stlth  ++........               (no amulet)
                                n - +2 ring of evasion
                                m - +2 ring of protection

@: quick
A: no armour, no weapons or thrown items, stealth, claws 1, fangs 3, see
invisible, carnivore 3, speed 1, shaggy fur 1, slow metabolism 1, sharp paws
a: Receive Corpses, Renounce Religion


You were in the Dungeon.
You worshipped Kikubaaqudgha.
Kikubaaqudgha was pleased with you.
You were not hungry.

You visited 1 branch

Inventory:

Jewellery
 m - a +2 ring of protection (left paw)
 n - a +2 ring of evasion (right paw)
Wands
 l - a wand of lightning (7/15)
Scrolls
 h - 2 scrolls of blinking
 j - 3 scrolls of remove curse
 k - 2 scrolls of amnesia
Potions
 a - a potion of might
 c - 5 potions of curing
 d - a potion of heal wounds
 e - a potion of haste
 f - 4 potions of magic
 g - a potion of berserk rage
 i - a potion of invisibility
Comestibles
 b - a meat ration


   Skills:
 + Level 6.1 Fighting
 + Level 9.1 Dodging
 + Level 1.7 Stealth
 + Level 11.2 Unarmed Combat


You had 4 spell levels left.
You didn't know any spells.

Dungeon Overview and Level Annotations

Branches:
Dungeon (1/1)

Altars:
Cheibriados
Dithmenos
Elyvilon
Fedhas
Gozag
Hepliaklqana
Kikubaaqudgha
Makhleb
Nemelex Xobeh
Okawaru
Qazlal
Ru
Sif Muna
Trog
Uskayaw
Vehumet
Xom
Yredelemnul
Zin
The Shining One
Beogh
Jiyva
Lugonu


Innate Abilities, Weirdness & Mutations

You cannot wear armour.
You are incapable of wielding weapons or throwing items.
Your paws allow you to move quietly. (Stealth)
You have sharp claws.
You have razor-sharp teeth.
You have supernaturally acute eyesight. (SInv)
You are carnivorous and can eat meat at any time.
You cover ground quickly.
You are covered in fur. (AC +1)
You have a slow metabolism.
Your sharp claws are effective at attacking unaware monsters.


Message History

You claw the hound! You claw the hound, but do no damage.
Your bite misses the hound.
The hound is severely wounded.
The hound misses you.
You claw the hound!
You kill the hound!
Kikubaaqudgha accepts your kill.
Kikubaaqudgha is protecting you from necromantic miscasts and death curses.
Your Unarmed Combat skill increases to level 11!
You closely miss the brown ugly thing. You closely miss the brown ugly thing.
Your bite misses the brown ugly thing. The brown ugly thing stings you.
You are splashed with acid!
The acid burns!
You closely miss the brown ugly thing.
The brown ugly thing closely misses you.
You claw the brown ugly thing!
The brown ugly thing is moderately wounded.
The brown ugly thing stings you!
Ouch! That really hurt!
You die...
Kikubaaqudgha rasps: "You have failed me!
Welcome... death!"

▓▓▓▓▓
▓...▓
▓.▓.▓
▓(▓.▓
▓@▓.▓
▓u▓.▓
▓c▓.▓
▓a▓.▓
▓.▓.▓
▓.▓.▓
▓+▓.▓
▓.▓.▓
▓.▓.▓


You could see a brown ugly thing, a centaur and a worker ant.

Vanquished Creatures
  2 ogres (D)
  A centaur (D)
  A killer bee (D)
  A hound (D)
  A shadow imp (D)
  An adder zombie (D)
  An orc (D)
  A bat zombie (D)
  2 goblins (D)
  2 hobgoblins (D)
  A jackal (D)
  A leopard gecko skeleton (D)
  A rat (D)
16 creatures vanquished.

Notes
Turn   | Place    | Note
-------+----------+-------------------------------------------
     0 | D        | equalderp2856 the Felid Fighter began the quest for the Orb.
     0 | D        | Reached XP level 1. HP: 10/10 MP: 2/2
    26 | D        | Noticed an ogre
    31 | D        | Reached skill level 5 in Unarmed Combat
    34 | D        | Reached XP level 2. HP: 6/14 MP: 3/3
    43 | D        | Killed an ogre
    43 | D        | Reached skill level 7 in Unarmed Combat
    43 | D        | Reached XP level 3. HP: 9/18 MP: 4/4
    43 | D        | Reached XP level 4. HP: 11/22 MP: 5/5
    45 | D        | Reached skill level 8 in Unarmed Combat
   199 | D        | Found a roughly hewn altar of Beogh.
   199 | D        | Found a snail-covered altar of Cheibriados.
   199 | D        | Found a shadowy altar of Dithmenos.
   199 | D        | Found a white marble altar of Elyvilon.
   199 | D        | Found a blossoming altar of Fedhas.
   199 | D        | Found an opulent altar of Gozag.
   200 | D        | Found a hazy altar of Hepliaklqana.
   201 | D        | Found a viscous altar of Jiyva.
   202 | D        | Found an ancient bone altar of Kikubaaqudgha.
   203 | D        | Found a corrupted altar of Lugonu.
   204 | D        | Found a burning altar of Makhleb.
   205 | D        | Found a sparkling altar of Nemelex Xobeh.
   206 | D        | Found an iron altar of Okawaru.
   207 | D        | Found a stormy altar of Qazlal.
   208 | D        | Found a sacrificial altar of Ru.
   209 | D        | Found a deep blue altar of Sif Muna.
   210 | D        | Found a bloodstained altar of Trog.
   211 | D        | Found a hide-covered altar of Uskayaw.
   212 | D        | Found a radiant altar of Vehumet.
   216 | D        | Became a worshipper of Kikubaaqudgha
   220 | D        | Found a shimmering altar of Xom.
   221 | D        | Found a basalt altar of Yredelemnul.
   222 | D        | Found a glowing silver altar of Zin.
   223 | D        | Found a glowing golden altar of the Shining One.
   250 | D        | Noticed a yak
   250 | D        | Noticed an ogre
   256 | D        | Killed an ogre
   256 | D        | Reached skill level 5 in Fighting
   256 | D        | Reached skill level 9 in Unarmed Combat
   256 | D        | Reached XP level 5. HP: 26/26 MP: 6/6
   261 | D        | Reached * piety under Kikubaaqudgha
   261 | D        | Identified Kikubaaqudgha's Incunabulum of Unholy Secrets (Kikubaaqudgha gifted it to you in the Dungeon)
   261 | D        | Received a gift from Kikubaaqudgha
   261 | D        | Reached skill level 10 in Unarmed Combat
   263 | D        | Slain by a yak
   264 | D        | Reached XP level 4. HP: -1/24 MP: 5/5
   305 | D        | Noticed a centaur
   305 | D        | Noticed a centaur
   305 | D        | Noticed a brown ugly thing
   313 | D        | Killed a centaur
   313 | D        | Reached skill level 1 in Stealth
   313 | D        | Reached XP level 5. HP: 9/27 MP: 6/6
   316 | D        | Reached ** piety under Kikubaaqudgha
   316 | D        | Reached skill level 11 in Unarmed Combat
   320 | D        | Slain by a brown ugly thing

Skill      XL: |  1  2  3  4  5 |
---------------+----------------+-----
Unarmed Combat | 5 7 9 11 | 11.2
Fighting       | 4 6 |  6.1
Dodging        | 6 9 |  9.1
Stealth        | 1 |  1.7

Action                   |  1- 3 |  4- 6 || total
-------------------------+-------+-------++-------
Melee: Unarmed           |    32 |    25 ||    57
       Punch             |       |     2 ||     2
       Bite              |       |     1 ||     1
  Use: Potion            |       |     2 ||     2
Dodge: Dodged            |    24 |    17 ||    41
